 Dungeon Crawl Stone Soup version 0.28.0 (webtiles) character file.

Game seed: 6320614350914744120

112 oldriver the Digger (level 4, -7/27 HPs)
             Began as a Gargoyle Earth Elementalist on Feb 8, 2022.
             Killed by divine providence
             ... invoked by an orc priest
              (11 damage)
             ... on level 3 of the Dungeon.
             The game lasted 00:02:36 (3073 turns).

oldriver the Digger (Gargoyle Earth Elementalist)   Turns: 3073, Time: 00:02:37

Health: -7/27      AC:  5    Str: 11    XL:     4   Next: 95%
Magic:  2/8        EV: 11    Int: 18    God:
Gold:   90         SH:  0    Dex: 10    Spells: 5/9 levels left

rFire   . . .      SeeInvis .   k - +0 dagger
rCold   + . .      Faith    .   (no shield)
rNeg    + . .      Spirit   .   b - +0 robe
rPois   ∞          Reflect  .   (no helmet)
rElec   +          Harm     .   (no cloak)
rCorr   .          Rampage  .   (no gloves)
Will    .....                   (no boots)
Stlth   ++........              (no amulet)
HPRegen 0.09/turn               i - ring of protection from cold
MPRegen 0.11/turn               h - ring of flight

@: flying
A: sickness immunity, AC +3, negative energy resistance 1, electricity
resistance, torment resistance 1, petrification resistance
a: no special abilities


You were on level 3 of the Dungeon.
You visited 1 branch of the dungeon, and saw 3 of its levels.

You collected 90 gold pieces.

Inventory:

Hand Weapons
 k - a +0 dagger (weapon)
Missiles
 c - 81 stones
Armour
 b - a +0 robe (worn)
 g - a +0 buckler
Jewellery
 h - a ring of flight (right hand)
 i - a ring of protection from cold (left hand)
Scrolls
 a - 2 scrolls of teleportation {unknown}
 e - a scroll of immolation {unknown}
 f - a scroll of blinking {unknown}
 l - a scroll of identify {unknown}
 n - a scroll of vulnerability {unknown}
 o - a scroll of magic mapping {unknown}
 p - 3 scrolls of holy word {unknown}
Potions
 d - a potion of curing {unknown}
 j - a potion of might {unknown}
 m - a potion of attraction {unknown}


   Skills:
 + Level 2.6 Fighting
 - Level 1.5 Dodging
 - Level 2.1 Stealth
 + Level 3.0 Spellcasting
 - Level 0.7 Transmutations
 + Level 4.8 Earth Magic


You had 5 spell levels left.
You knew the following spells:

 Your Spells              Type           Power      Damage    Failure   Level
a - Sandblast             Erth           40%        2d10      2%          1
b - Stone Arrow           Conj/Erth      22%        3d8       19%         3

Your spell library contained the following spells:

 Spells                   Type           Power      Damage    Failure   Level
 Passwall                 Tmut/Erth      10%        N/A       8%          2
 Ignite Poison            Fire/Tmut/Pois 3%         N/A       41%         3
 Conjure Flame            Conj/Fire      2%         6-21      43%         3
 Petrify                  Tmut/Erth      12%        N/A       45%         4
 Sticky Flame             Conj/Fire      2%         2d3       85%         4


Dungeon Overview and Level Annotations

Branches:
Dungeon (3/15)

Altars:


Innate Abilities, Weirdness & Mutations

You are immune to sickness and miasma.
Your stone body is resilient. (AC +3)
You are immune to poison.
You resist negative energy. (rN+)
You are resistant to electric shocks. (rElec)
You are resistant to unholy torment.
You are immune to petrification.


Message History

Aiming: Sandblast (safe; 2% risk of failure)
Press: ? - help, Shift-Dir - straight line, f/p - orc priest
Aim: an orc priest, wielding a +0 club (severely wounded, 79% to hit)
The blast of sand misses the orc priest.
The blast of sand hits the orc priest but does no damage.
The orc hits you with a +0 dagger.
* * * LOW HITPOINT WARNING * * *
The orc priest calls upon Beogh to heal the orc.
The orc is healed somewhat.
The orc hits you with a +0 dagger.
* * * LOW HITPOINT WARNING * * *
Casting: Sandblast (safe; 2% risk of failure)
Confirm with . or Enter, or press ? or * to list all spells.
Aiming: Sandblast (safe; 2% risk of failure)
Press: ? - help, Shift-Dir - straight line, f/p - orc priest
Aim: an orc priest, wielding a +0 club (severely wounded, 79% to hit)
The blast of sand hits the orc priest.
You kill the orc priest!
The orc closely misses you. The orc hits you but does no damage.
A frilled lizard comes into view.
Your Spellcasting skill increases to level 3!
Casting: Sandblast (safe; 2% risk of failure)
Confirm with . or Enter, or press ? or * to list all spells.
Aiming: Sandblast (safe; 2% risk of failure)
Press: ? - help, Shift-Dir - straight line, f - orc
Aim: an orc, wielding a +0 dagger (moderately wounded, 81% to hit)
The blast of sand misses the orc.
The frilled lizard hisses angrily.
The orc hits you with a +0 dagger.
* * * LOW HITPOINT WARNING * * *
The orc priest closely misses you. The orc hits you but does no damage.
Casting: Sandblast (safe; 2% risk of failure)
Confirm with . or Enter, or press ? or * to list all spells.
Aiming: Sandblast (safe; 2% risk of failure)
Press: ? - help, Shift-Dir - straight line, f - orc priest, p - orc
Aim: an orc priest, wielding a +0 falchion and wearing a +0 ring mail (83% to hit)
The blast of sand hits the orc priest but does no damage.
The orc hits you but does no damage.
The orc priest invokes the aid of Beogh against you.
Beogh smites you!
You die...

####.....#.#.#.##.#+##
#####
........##.#.#.##.#.#
#####......#........#
.....#..####...##........
##...#...###...#########.
.......................#
..#...##.####.##....##+
..'...'........+....+
..#.<.##.####.##@o.[#
..#.#.##.####.##oo..#
..#.#............####
..#.###.......##.. ..#.#
#........... #.#
#............ #.#
#......#....l ...
+......#...... #........


You could see an orc priest, 2 orcs and a frilled lizard.

Vanquished Creatures
  An orc priest (D:3)
  An orc wizard (D:3)
  An adder (D:3)
  A dart slug (D:3)
  4 ball pythons
  2 bats
  2 endoplasms (D:1)
  A giant cockroach (D:3)
  5 goblins
  4 hobgoblins
  8 jackals (D:2)
  2 quokkas
  A frilled lizard (D:1)
  5 kobolds
  4 rats
42 creatures vanquished.

Notes
Turn   | Place    | Note
-------+----------+-------------------------------------------
     0 | D:1      | oldriver the Gargoyle Earth Elementalist began the quest
                  | for the Orb.
     0 | D:1      | Reached XP level 1. HP: 10/10 MP: 3/3
   750 | D:1      | Reached skill level 1 in Fighting
   750 | D:1      | Reached XP level 2. HP: 14/16 MP: 5/5
  1300 | D:2      | Reached skill level 4 in Earth Magic
  1336 | D:2      | Reached XP level 3. HP: 10/20 MP: 4/6
  1491 | D:2      | Learned a level 3 spell: Stone Arrow
  2231 | D:2      | You are sucked into a shaft and drop 1 floor!
  2596 | D:3      | Reached XP level 4. HP: 22/26 MP: 3/8
  3073 | D:3      | Killed from afar by an orc priest

Illustrated notes

Levels and vault maps discovered:
D:1:      dpeg_arrival_leaves_temple_mockup, layout_basic, due_unseen_surprise
D:2:      layout_loops_ring, shapermc_ecumenical_altar_petra
D:3:      layout_basic, minivault_4, chequers_avenue, hangedman_decor_riveting,
          minmay_between

Skill      XL: |  1  2  3  4 |
---------------+-------------+-----
Fighting       | 1 2 |  2.6
Earth Magic    | 4 |  4.8
Spellcasting   | 3 |  3.0
Dodging        | |  1.5
Stealth        | |  2.1
Transmutations | |  0.7

Action                   |  1- 3 |  4- 6 || total
-------------------------+-------+-------++-------
Melee: Unarmed           |    21 |       ||    21
       Dagger            |    91 |    23 ||   114
       Punch             |     2 |     1 ||     3
 Cast: Sandblast         |    28 |     9 ||    37
 Stab: Sleeping          |     1 |     1 ||     2
Armor: Robe              |    56 |    13 ||    69
Dodge: Dodged            |    87 |    20 ||   107
